 Dungeon Crawl Stone Soup version 0.28-a0-114-g2bf3c13a2f (webtiles) character file.

Game seed: 2902420351498669003

0 dduke234 the Skirmisher (level 1, 0/24 HPs)
             Began as an Ogre Monk on Aug 12, 2021.
             Slain by a dart slug (3 damage)
             ... on level 1 of the Dungeon.
             The game lasted 00:00:26 (54 turns).

dduke234 the Skirmisher (Ogre Monk)                   Turns: 54, Time: 00:00:26

Health: 0/24       AC:  3    Str: 14    XL:     1   Next: 10%
Magic:  1/1        EV: 10    Int: 11    God:
Gold:   6          SH:  0    Dex: 11    Spells: 0/0 levels left

rFire   . . .      SeeInvis .   a - +0 spear
rCold   . . .      Faith    .   (no shield)
rNeg    . . .      Spirit   .   b - +0 robe
rPois   .          Reflect  .   (helmet restricted)
rElec   .          Harm     .   (no cloak)
rCorr   .          Rampage  .   (gloves unavailable)
Will    .....                   (boots unavailable)
Stlth   ++........              (no amulet)
HPRegen 0.08/turn               (no ring)
MPRegen 0.07/turn               (no ring)

@: no status effects
A: large, unfitting armour, tough skin 1
a: no special abilities


You were on level 1 of the Dungeon.
You visited 1 branch of the dungeon, and saw 1 of its levels.

You collected 6 gold pieces.

Inventory:

Hand Weapons
 a - a +0 spear (weapon)
Armour
 b - a +0 robe (worn)


   Skills:
 * Level 4.0 Fighting
 * Level 3.0 Polearms
 - Level 2.6 Dodging
 - Level 1.4 Stealth


You couldn't memorise any spells.
You didn't know any spells.
Your spell library was empty.

Dungeon Overview and Level Annotations

Branches:
Dungeon (1/15)

Altars:


Innate Abilities, Weirdness & Mutations

You are too large for most types of armour.
You have tough skin. (AC +1)


Message History

You are too injured to fight recklessly!
You are too injured to fight recklessly!
You are too injured to fight recklessly!
You are too injured to fight recklessly!
You hit the giant cockroach.
The giant cockroach is heavily wounded.
The giant cockroach bites you but does no damage.
The hobgoblin hits you but does no damage.
The dart slug launches a dart at you. The slug dart hits you.
* * * LOW HITPOINT WARNING * * *
The giant cockroach bites you but does no damage.
The dart slug closely misses you.
The giant cockroach bites you but does no damage.
You see here a rat corpse.
You hit the dart slug.
The dart slug is moderately wounded.
The hobgoblin hits you.
* * * LOW HITPOINT WARNING * * *
The giant cockroach bites you.
* * * LOW HITPOINT WARNING * * *
You hit the dart slug.
The dart slug is heavily wounded.
The dart slug bites you.
* * * LOW HITPOINT WARNING * * *
The giant cockroach barely misses you. The hobgoblin closely misses you.
You aren't carrying any potions.
You hit the dart slug.
The dart slug is almost dead.
The giant cockroach bites you but does no damage.
The hobgoblin barely misses you. The dart slug closely misses you.
You hit the dart slug.
The dart slug is almost dead.
The giant cockroach bites you but does no damage.
The hobgoblin closely misses you.
You hit the dart slug but do no damage.
The dart slug is almost dead.
The giant cockroach completely misses you.
The dart slug bites you.
You die...

... .... ... #.#
...##.### #.# #........
..###.# #.......#
♣♣♣..##.# #.......#
♣.P..##.#######.......#
.P..##.[..............
#..##.♣.♣###gB......#
#..##.♣.♣ #@w......# .#
#...#.♣.♣...........#
#.#
#.....♣.♣###.#......#
#.####..#.♣.♣
#.#......#
#.......).♣.♣
#.#......#
.§≈§§§....#..
#.#......# .§§§§§≈...#
#.# #####
.≈§≈≈§§...######.#
.≈§§§≈§..>.....


You could see a dart slug, a giant cockroach and a hobgoblin.

Vanquished Creatures
  A rat (D:1)
1 creature vanquished.

Notes
Turn   | Place    | Note
-------+----------+-------------------------------------------
     0 | D:1      | dduke234 the Ogre Monk began the quest for the Orb.
     0 | D:1      | Reached XP level 1. HP: 24/24 MP: 1/1
    54 | D:1      | Slain by a dart slug

Illustrated notes

Levels and vault maps discovered:
D:1:      dpeg_arrival_pits, layout_basic, serial_forest,
          infiniplex_forest_straight_2, infiniplex_forest_clump_small,
          infiniplex_forest_pool, infiniplex_forest_end_2, serial_bayou_pond_e

Action                   || total
-------------------------++-------
Melee: Spear             ||    15
Armor: Robe              ||    11
Dodge: Dodged            ||    16

Table legend: (Time is in decaauts)
 A = Elapsed time spent in this place.
 B = Non-inter-level travel time spent in this place.
 C = Inter-level travel time spent in this place.
 D = Time resting spent in this place.
 E = Time spent auto-exploring this place.
 F = Levels seen in this place.
 G = Mean time per level.
                   A        B        C        D        E       F      G
               +--------+--------+--------+--------+--------+-----+--------+
         Total |     53 |     53 |      0 |      0 |     34 |   1 |   53.0 |
       Dungeon |     53 |     53 |      0 |      0 |     34 |   1 |   53.0 |
               +--------+--------+--------+--------+--------+-----+--------+

Top non-repeatable levels by time:
     D:1: 53 daAuts
